 Dungeon Crawl Stone Soup version 0.29.1-15-g9cfb28693d (webtiles) character file.

Game seed: 4775197072793041418

7718 hawla the Thaumaturge (level 11, 0/84 HPs)
             Began as a Meteoran Fire Elementalist on Apr 10, 2023.
             Was a Priest of Vehumet.
             Slain by a gargoyle
             ... wielding a +0 morningstar
              (13 damage)
             ... on level 10 of the Dungeon.
             The game lasted 00:16:11 (4931 turns).

hawla the Thaumaturge (Meteoran Fire Elementalist)  Turns: 4931, Time: 00:16:12

Health: 0/84       AC:  5    Str: 10    XL:     11   Next: 69%
Magic:  14/27      EV: 15    Int: 22    God:    Vehumet [***...]
Gold:   531        SH:  5    Dex: 14    Spells: 26/33 levels left

rFire   . . .      SeeInvis +   s - +2 great sword (freeze)
rCold   . . .      Faith    .   (shield currently unavailable)
rNeg    . . .      Spirit   .   a - +0 robe
rPois   .          Reflect  +   l - +2 helmet
rElec   .          Harm     .   (no cloak)
rCorr   .          Rampage  .   (no gloves)
Will    +....                   (no boots)
Stlth   +.........              c - amulet of reflection
HPRegen 0.24/turn               h - ring of see invisible
MPRegen 0.20/turn               k - ring of flight

@: flying, glowing, studying Throwing
A: sense surroundings 2, otherworldly, glowing, explore regen
a: Renounce Religion


You were on level 10 of the Dungeon.
You worshipped Vehumet.
Vehumet was most pleased with you.
You visited 3 branches of the dungeon, and saw 12 of its levels.

You collected 531 gold pieces.

Inventory:

Hand Weapons
 f - a +0 vampiric long sword
 s - a +2 great sword of freezing (weapon)
Armour
 a - a +0 robe (worn)
 l - a +2 helmet (worn)
Jewellery
 c - an amulet of reflection (around neck)
 h - a ring of see invisible (left hand)
 k - a ring of flight (right hand)
 n - a ring of ice
 u - a ring of fire
Wands
 b - a wand of flame (20) (quivered)
 q - a wand of roots (8)
 v - a wand of paralysis (8)
Scrolls
 g - 2 scrolls of fog
 i - 2 scrolls of teleportation
 o - a scroll of enchant weapon {unknown}
Potions
 d - 5 potions of heal wounds
 e - a potion of might
 j - 3 potions of berserk rage
 m - a potion of attraction
 p - a potion of mutation {unknown}
 r - a potion of lignification {unknown}


   Skills:
 + Level 4.0 Fighting
 + Level 6.0 Long Blades
 + Level 6.5 Dodging
 - Level 1.4 Stealth
 + Level 11.6 Spellcasting
 + Level 7.7 Conjurations
 + Level 11.4 Fire Magic
 + Level 3.0 Evocations


You had 26 spell levels left.
You knew the following spells:

 Your Spells              Type           Power      Damage    Failure   Level
a - Foxfire               Conj/Fire      100%       2x1d9     1%          1
b - Scorch                Fire           100%       2d10      1%          2
c - Flame Wave            Conj/Fire      53%        2d13      1%          4

Your spell library contained the following spells:

 Spells                   Type           Power      Damage    Failure   Level
 Ignite Poison            Fire/Tmut/Pois 29%        N/A       1%          3
 Conjure Flame            Conj/Fire      53%        6-21      1%          3
 Inner Flame              Hex/Fire       37%        N/A       1%          3
 Fulminant Prism          Conj/Hex       14%        3d9       3%          4
 Slow                     Hex            48%        N/A       5%          1
 Passwall                 Tmut/Erth      10%        N/A       8%          2
 Discord                  Hex            6%         N/A       100%        8


Dungeon Overview and Level Annotations

Branches:
Dungeon (10/15) Zot: 1296  Temple (1/1) D:7 Zot: 355     Orc (1/2) D:9 Zot: 586
   Lair: D:8-11

Altars:
Ashenzari
Cheibriados
Dithmenos
Elyvilon
Fedhas
Gozag
Hepliaklqana
Kikubaaqudgha
Makhleb
Nemelex Xobeh
Okawaru
Qazlal
Ru
Sif Muna
Trog
Uskayaw
Vehumet
Wu Jian
Xom
Yredelemnul
Zin
The Shining One

Shops:
D:7 ?

Annotations:
D:10 5 runed translucent doors


Innate Abilities, Weirdness & Mutations

You passively map the area around you.
You are easily found by Zot.
You glow in the dark.
You regain HP and MP as you explore.


Message History

Casting: Scorch (safe; 1% risk of failure)
Confirm with . or Enter, or press ? or * to list all spells.
Flames lash the gargoyle.
The gargoyle is heavily damaged.
The gargoyle's fire resistance burns away.
Casting: Scorch (safe; 1% risk of failure)
Confirm with . or Enter, or press ? or * to list all spells.
Flames lash the gargoyle but do no damage.
Casting: Scorch (safe; 1% risk of failure)
Confirm with . or Enter, or press ? or * to list all spells.
Flames lash the gargoyle.
The gargoyle is heavily damaged.
The gargoyle barely misses you.
Casting: Scorch (safe; 1% risk of failure)
Confirm with . or Enter, or press ? or * to list all spells.
Flames lash the gargoyle.
The gargoyle is burned terribly!
The gargoyle is severely damaged.
The gargoyle hits you with a +0 morningstar!!
Casting: Scorch (safe; 1% risk of failure)
Confirm with . or Enter, or press ? or * to list all spells.
Casting: Flame Wave (safe; 1% risk of failure)
Press: ? - help, Dir - look around, f - activate A wave of flame ripples out!
The flame wave engulfs the gargoyle but does no damage.
The gargoyle is severely damaged. (Press . to intensify the flame waves.)
The gargoyle hurls a stone arrow at you.
The stone arrow hits you!!
A wave of flame ripples out!
The flame wave engulfs the gargoyle but does no damage.
The gargoyle is severely damaged.
The gargoyle hurls a stone arrow at you.
The stone arrow hits you!!
* * * LOW HITPOINT WARNING * * *
A wave of flame ripples out!
The flame wave engulfs the gargoyle but does no damage.
The gargoyle is severely damaged.
You finish channelling waves of flame.
The gargoyle hits you with a +0 morningstar!
You die...

###.####### #.#..######......#
###...##########.................
......................^+.........
###...##########....####.........
##.## #####.#.### ##.......# #.#
#........># ##.....## #.#
#.###.###.# ##...## #.# * #.# #.#
##+## #.., #@# #.# * ## * *, *#9#
#.# , * ... ..# * ,* * *,
##.##### *,,,* * * #.# * * , <
,,, * #.. ,,, , * * * ### * *


You could see a gargoyle (combustible).

Vanquished Creatures
  2 two-headed ogres (D:9)
  A cyclops (Orc:1)
  An unseen horror zombie (D:7)
  2 wyverns
  A shadow (D:10)
  A steam dragon (D:10)
  5 orc warriors
  4 black bears
  3 sky beasts
  2 hornet zombies (D:7)
  2 ogres
  4 centaurs
  A phantom (D:4)
  4 kobold brigands
  A necrophage (D:6)
  3 bullfrogs
  A wyvern zombie (D:7)
  A gnoll sergeant (D:9)
  4 scorpions
  15 wights
  6 killer bees (D:9)
  5 howler monkeys
  2 centaur zombies (D:7)
  5 jellies
  7 hounds
  3 gnoll boudas
  8 orc priests
  Jessica (D:3)
  3 iguanas
  8 orc wizards
  A killer bee zombie (D:7)
  Robin (D:4)
  A howler monkey zombie (D:7)
  14 gnolls
  7 adders
  2 shadow imps
  A white imp (D:6)
  An ufetubus (D:5)
  2 worms
  2 dart slugs
  43 orcs
  5 endoplasms
  2 giant cockroaches
  13 goblins
  6 hobgoblins (D:4)
  2 quokkas
  2 ball pythons
  18 kobolds
229 creatures vanquished.

Vanquished Creatures (collateral kills)
  A hobgoblin (D:3)
  8 foxfires (D:5)
9 creatures vanquished.

Vanquished Creatures (others)
  210 foxfires
  5 plants (D:5)
215 creatures vanquished.

Grand Total: 453 creatures vanquished

Notes
Turn   | Place    | Note
-------+----------+-------------------------------------------
     0 | D:1      | hawla the Meteoran Fire Elementalist began the quest for
                  | the Orb.
     0 | D:1      | Reached XP level 1. HP: 14/14 MP: 5/5
   163 | D:2      | Reached XP level 2. HP: 22/22 MP: 4/6
   172 | D:2      | Learned a level 2 spell: Scorch
   212 | D:3      | Reached XP level 3. HP: 27/27 MP: 1/8
   293 | D:3      | Noticed Jessica
   295 | D:3      | Reached XP level 4. HP: 29/34 MP: 2/9
   296 | D:3      | Killed Jessica
   324 | D:4      | Learned a level 4 spell: Flame Wave
   392 | D:4      | Reached XP level 5. HP: 22/39 MP: 8/11
   437 | D:4      | Noticed a black bear
   441 | D:4      | Killed a black bear
   442 | D:4      | Reached skill level 5 in Fire Magic
   442 | D:4      | Reached XP level 6. HP: 44/46 MP: 3/12
   505 | D:4      | Reached XP level 7. HP: 44/51 MP: 3/13
   516 | D:4      | Reached skill level 5 in Conjurations
   738 | D:4      | Noticed Robin
   744 | D:4      | Killed Robin
   809 | D:4      | Reached XP level 8. HP: 58/58 MP: 8/16
  1063 | D:5      | Entered Level 5 of the Dungeon
  1068 | D:5      | Reached skill level 1 in Long Blades
  1077 | D:5      | Reached skill level 5 in Spellcasting
  1128 | D:5      | Reached skill level 1 in Fighting
  1585 | D:6      | Gained mutation: You passively map the area around you.
                  | [Meteoran growth]
  1585 | D:6      | Reached XP level 9. HP: 56/64 MP: 10/19
  1753 | D:6      | Got the Treatise on Earth and Glamour
  1990 | D:7      | Found a staircase to the Ecumenical Temple.
  2008 | D:7      | Identified the +2 robe "Papeuso" {rN+ rCorr Int-2}
  2025 | Temple   | Entered the Ecumenical Temple
  2260 | Temple   | Became a worshipper of Vehumet
  2336 | D:7      | Reached XP level 10. HP: 51/74 MP: 20/23
  2344 | D:7      | Reached skill level 5 in Dodging
  2380 | D:7      | Found a basalt altar of Yredelemnul.
  2430 | D:7      | Found Elen's Magic Scroll Emporium.
  2548 | D:8      | Reached * piety under Vehumet
  2548 | D:8      | Offered knowledge of Freeze by Vehumet.
  2798 | D:8      | Reached skill level 10 in Spellcasting
  3261 | D:9      | Reached skill level 10 in Fire Magic
  3682 | D:9      | Reached XP level 11. HP: 80/80 MP: 21/26
  3699 | D:9      | Noticed a two-headed ogre
  3703 | D:9      | Noticed a two-headed ogre
  3705 | D:9      | Killed a two-headed ogre
  3706 | D:9      | Reached skill level 5 in Long Blades
  3755 | D:9      | Killed a two-headed ogre
  3770 | D:9      | Reached ** piety under Vehumet
  3777 | D:9      | Offered knowledge of Searing Ray by Vehumet.
  4276 | D:9      | Found a staircase to the Orcish Mines.
  4282 | D:9      | Offered knowledge of Ignite Poison by Vehumet.
  4506 | Orc:1    | Entered Level 1 of the Orcish Mines
  4506 | Orc:1    | Noticed a cyclops
  4511 | D:9      | Reached *** piety under Vehumet
  4525 | Orc:1    | Killed a cyclops
  4527 | Orc:1    | Noticed an orc warlord
  4765 | D:10     | Entered Level 10 of the Dungeon
  4836 | D:10     | Found the +9 staff of Olgreb {rPois∞}
  4840 | D:10     | Found a runed translucent door.
  4848 | D:10     | Noticed a black mamba
  4848 | D:10     | Noticed a black mamba
  4848 | D:10     | Found a runed translucent gate.
  4848 | D:10     | Found a runed translucent gate.
  4849 | D:10     | Found a runed translucent door.
  4861 | D:10     | Found a runed translucent gate.
  4863 | D:10     | Noticed a wolf spider
  4891 | D:10     | Found a snail-covered altar of Cheibriados.
  4892 | D:10     | Found a glowing golden altar of the Shining One.
  4906 | D:10     | Noticed a wolf spider
  4931 | D:10     | Slain by a gargoyle

Illustrated notes

Levels and vault maps discovered:
D:1:      lemuel_arrival_cross, layout_basic,
          hellmonk_ecumenical_altar_inner_sanctum, grunt_decor_fettered
D:2:      layout_rooms, chequers_serial_rivers_large_b
D:3:      layout_loops_cross, uniq_jessica, uniq_natasha
D:4:      layout_cave_pods, minmay_manual_mess, uniq_robin
D:5:      layout_rooms, serial_bayou, serial_bayou_ford_a, serial_bayou_pond_d,
          serial_bayou_lagoon_a, serial_bayou_pond_b
D:6:      minmay_skewed_foursquare, layout_rooms
D:7:      layout_loops_corners, nicolae_yredelemnul_corpse_copse,
          minmay_temple_entry_proselytizer, serial_shops, shop
D:8:      layout_cave_pods, minivault_1
D:9:      layout_basic, hiddenorc2_lemuel
D:10:     layout_loops_corners, mainiacjoe_overflow_divided_tiny,
          minmay_guarded_unrand_staff_of_olgreb
Temple:   compressed_dpeg_triangle_lava_temple
Orc:1:    layout_caves, lightli_orcish_oven

Skill      XL: |  1  2  3  4  5  6  7  8  9 10 11 |
---------------+----------------------------------+-----
Fire Magic     | 4 5 6 8 10 11 | 11.4
Spellcasting   | 3 4 6 8 10 11 | 11.6
Conjurations   | 2 3 4 5 6 7 |  7.7
Dodging        | 3 4 5 6 |  6.5
Evocations     | 3 |  3.0
Long Blades    | 2 3 4 6 |  6.0
Fighting       | 1 2 3 4 |  4.0
Stealth        | |  1.4

Action                   |  1- 3 |  4- 6 |  7- 9 | 10-12 || total
-------------------------+-------+-------+-------+-------++-------
Melee: Unarmed           |     8 |     1 |     1 |       ||    10
       Long sword        |       |       |    60 |     7 ||    67
       Punch             |       |       |     2 |       ||     2
       Great sword       |       |       |       |    28 ||    28
 Cast: Foxfire           |    22 |    14 |    54 |    33 ||   123
       Scorch            |     2 |    12 |    32 |    54 ||   100
       Flame Wave        |       |     1 |    10 |    29 ||    40
Evoke: Wand              |       |       |       |     1 ||     1
  Use: Scroll            |     1 |       |     9 |     2 ||    12
       Potion            |       |     1 |       |     1 ||     2
Armor: Robe              |     2 |     1 |    20 |    19 ||    42
Dodge: Dodged            |     9 |     9 |    57 |    65 ||   140
Block: Other             |       |     4 |    32 |    33 ||    69
       Reflection        |       |       |     1 |     3 ||     4
